Map: Fields of Death

Players

McFukitts - Winner!

  • Race: Protoss Protoss
  • League: Master

lIlIlIlIlIlI - Winner!

  • Race: Zerg Zerg
  • League: Diamond

Guitar

  • Race: Terran Terran

Tenonee

  • Race: Zerg Zerg
  • League: Platinum

VOD

Have the link to the VOD?

Description

Time

  • Played on: July 26, 2016, 5:33 a.m.
  • Length: 11:17
Show
View Real Time Build Order
Export as new Build Order

McFukitts Protoss - Winner!

Build Orders:  

Get SALT Encoding   

  12  0:00  Probe (Chrono Boost)  
  13  0:11  Probe (Chrono Boost)  
  14  0:19  Pylon  
  14  0:23  Probe (Chrono Boost)  
  15  0:37  Probe (Chrono Boost)  
  15  0:39  Gateway  
  16  0:48  Probe (Chrono Boost)  
  17  0:54  Gateway  
  17  0:59  Probe (Chrono Boost)  
  18  1:09  Probe (Chrono Boost)  
  19  1:11  Assimilator  
  19  1:14  Assimilator  
  19  1:22  Probe (Chrono Boost), Pylon  
  20  1:27  Assimilator  
  20  1:35  Cybernetics Core  
  20  1:40  Probe (Chrono Boost)  
  21  2:01  Warp Gate  
  21  2:10  Pylon  
  21  2:13  Adept x2  
  25  2:18  Probe (Chrono Boost)  
  26  2:27  Twilight Council  
  27  2:30  Probe (Chrono Boost)  
  27  2:44  Adept x2  
  27  2:51  Mothership Core (Chrono Boost)  
  33  2:58  Gateway  
  33  3:08  Gateway  
  33  3:14  Pylon  
  32  4:03  Pylon  
  32  4:07  Pylon  
  30  4:22  Dark Shrine  
  30  4:37  Nexus  
  30  4:40  Pylon  
  30  4:49  Pylon  
  28  5:06  Probe (Chrono Boost)  
  29  5:13  Adept x3  
  29  5:14  Adept  
  33  5:18  Probe (Chrono Boost)  
  34  5:23  Robotics Facility  
  35  5:30  Probe (Chrono Boost)  
  35  5:42  Probe (Chrono Boost)  
  36  5:54  Probe (Chrono Boost)  
  37  5:58  Dark Templar x2  
  37  6:00  Dark Templar x2  
  43  6:17  Probe (Chrono Boost)  
  38  6:25  Immortal  
  38  6:32  Dark Templar x2  
  46  6:37  Pylon  
  44  6:53  Dark Templar  
  42  6:54  Zealot  
  42  7:09  Probe (Chrono Boost)  
  42  7:11  Probe (Chrono Boost)  
  42  7:12  Assimilator  
  44  7:16  Assimilator  
  44  7:19  Pylon  
  44  7:20  Probe (Chrono Boost)  
  46  7:23  Probe (Chrono Boost)  
  46  7:27  Dark Templar  
  46  7:28  Zealot  
  50  7:30  Probe (Chrono Boost)  
  50  7:35  Probe (Chrono Boost)  
  48  8:01  Probe (Chrono Boost), Stalker  
  48  8:02  Probe (Chrono Boost), Stalker x3  
  48  8:04  Immortal  
  54  8:11  Probe (Chrono Boost)  
  59  8:14  Probe (Chrono Boost)  
  60  8:27  Stalker  
  60  8:28  Stalker  
  64  8:38  Blink  
  64  8:40  Probe (Chrono Boost)  
  66  8:41  Probe (Chrono Boost)  
  66  8:50  Probe (Chrono Boost)  
  66  8:54  Probe (Chrono Boost)  
  68  9:02  Nexus  
  68  9:03  Pylon  
  68  9:04  Pylon  
  68  9:20  Probe (Chrono Boost)  
  68  9:21  Probe (Chrono Boost)  
  70  9:24  Pylon  
  70  9:28  Pylon  
  70  9:39  Pylon  
  63  9:57  Zealot x4  
  71  10:00  Immortal  
  71  10:02  Probe (Chrono Boost)  
  71  10:03  Probe (Chrono Boost)  
  71  10:05  Gateway  
  77  10:07  Gateway  
  77  10:12  Probe (Chrono Boost), Gateway  
  79  10:15  Probe (Chrono Boost)  
  79  10:18  Stalker x2  
  83  10:22  Probe (Chrono Boost)  
  83  10:23  Probe (Chrono Boost)  
  85  10:41  Stalker x2  
  85  10:42  Sentry x2  
  93  10:45  Probe x2 (Chrono Boost)  
  93  10:46  Probe (Chrono Boost)  
  96  10:55  Probe (Chrono Boost)  
  96  10:56  Probe (Chrono Boost)  
  99  10:58  Probe (Chrono Boost)  
  99  11:03  Stalker x2  
  103  11:04  Sentry  
  103  11:05  Sentry  
  103  11:06  Probe (Chrono Boost)  
  103  11:08  Sentry  
  110  11:15  Pylon  
Show
View Real Time Build Order
Export as new Build Order

lIlIlIlIlIlI Zerg - Winner!

Build Orders: Pool First 

Get SALT Encoding   

  12  0:01  Drone  
  13  0:08  Drone  
  14  0:17  Overlord  
  14  0:25  Extractor  
  14  0:26  Drone  
  14  0:35  Extractor, Drone x2  
  16  0:49  Spawning Pool  
  15  0:54  Drone  
  16  0:58  Drone  
  17  1:07  Drone  
  18  1:29  Hatchery  
  17  1:33  Drone  
  17  1:37  Drone  
  19  1:41  Metabolic Boost  
  19  1:45  Drone  
  20  1:55  Zergling x2  
  20  2:01  Zergling x2  
  22  2:10  Overlord  
  22  2:24  Overlord  
  22  2:27  Queen  
  24  2:34  Drone  
  25  2:39  Baneling Nest  
  25  2:41  Queen  
  25  2:42  Zergling x2  
  25  2:43  Zergling x2  
  28  2:57  Zergling x4  
  30  3:06  Drone  
  30  3:07  Zergling x2  
  32  3:14  Drone  
  34  3:20  Drone  
  34  3:24  Evolution Chamber  
  34  3:26  Zergling x4  
  35  3:41  Baneling x4  
  35  3:45  Drone  
  35  3:46  Drone x2, Zergling x4  
  40  3:54  Drone, Zergling x2  
  40  3:55  Drone x2  
  41  4:13  Baneling x3  
  41  4:16  Zergling x10  
  44  4:17  Hatchery  
  44  4:18  Overlord  
  43  4:26  Drone  
  43  4:28  Overlord x2  
  37  4:40  Drone x3  
  37  4:41  Drone  
  41  4:46  Zerg Melee Weapons Level 1  
  41  4:48  Overlord  
  38  5:01  Drone  
  38  5:02  Drone x4  
  43  5:08  Extractor  
  42  5:15  Drone x2  
  42  5:16  Drone x2  
  42  5:20  Extractor, Drone  
  46  5:33  Zergling x8  
  50  5:37  Lair  
  50  5:46  Queen  
  51  5:56  Zergling x6  
  53  5:59  Zergling x2  
  48  6:14  Zergling x14  
  50  6:24  Drone x2, Zergling x4  
  52  6:36  Zergling x8  
  55  6:48  Spire  
  53  6:58  Drone x5  
  53  6:59  Drone x2  
  56  7:01  Drone  
  56  7:04  Drone  
  58  7:09  Drone x2  
  58  7:10  Drone  
  58  7:12  Extractor  
  58  7:14  Drone  
  61  7:15  Drone  
  62  7:29  Baneling x4  
  62  7:33  Drone x4  
  65  7:43  Hatchery  
  64  7:46  Drone  
  64  7:47  Drone x6  
  62  8:00  Drone  
  62  8:01  Drone  
  64  8:06  Zerg Melee Weapons Level 2  
  64  8:08  Mutalisk x4  
  72  8:17  Spire  
  71  8:22  Zergling x4  
  73  8:35  Zergling x2  
  73  8:36  Zergling x4  
  73  8:37  Overlord x5  
  76  8:55  Drone x4  
  78  9:09  Drone x9  
  87  9:10  Queen  
  89  9:31  Mutalisk x6  
  96  9:39  Extractor  
  96  9:40  Extractor  
  92  9:57  Zergling x8  
  92  9:58  Zergling x8  
  100  10:04  Mutalisk  
  100  10:05  Mutalisk x6  
  110  10:26  Infestation Pit  
  110  10:28  Hatchery  
  108  10:30  Extractor  
  108  10:31  Extractor  
  106  10:40  Zergling x16  
  106  10:41  Overlord  
  114  10:49  Overlord x3  
Show
View Real Time Build Order
Export as new Build Order

Guitar Terran 

Build Orders: MMM Bio 

Get SALT Encoding   

  12  0:01  SCV  
  13  0:13  SCV  
  14  0:24  Supply Depot  
  14  0:25  SCV  
  15  0:34  Refinery  
  15  0:45  SCV  
  15  0:47  Barracks  
  16  0:58  SCV  
  17  1:06  Barracks  
  17  1:10  SCV  
  18  1:22  SCV  
  18  1:24  Supply Depot  
  19  1:34  Orbital Command  
  19  1:37  Marine  
  20  1:57  Marine x2  
  22  2:12  Factory, SCV  
  22  2:14  Marine  
  22  2:15  Marine  
  24  2:22  Engineering Bay  
  25  2:26  SCV  
  26  2:32  Marine  
  26  2:33  Marine  
  28  2:39  SCV  
  29  2:52  Refinery  
  28  2:59  Factory Tech Lab  
  28  3:02  Command Center  
  28  3:03  Barracks Tech Lab  
  28  3:14  Bunker, SCV  
  29  3:20  Missile Turret  
  29  3:46  SCV  
  30  3:54  Barracks Reactor  
  30  3:55  Missile Turret, Stimpack  
  30  4:01  Starport  
  30  4:14  Siege Tank  
  33  4:27  Bunker  
  33  4:30  SCV  
  34  4:39  Supply Depot  
  34  4:46  Siege Tank  
  34  4:52  Marine  
  38  4:56  Starport Reactor  
  38  5:15  Marine x2  
  38  5:19  Command Center  
  40  5:27  Supply Depot  
  40  5:35  Medivac  
  40  5:36  Medivac  
  44  5:59  Marine x2  
  44  6:01  Combat Shields  
  46  6:05  Medivac  
  46  6:23  Marine  
  46  6:24  Marauder  
  41  6:57  Marine x3  
  44  7:15  Marine x3  
  47  7:33  Marine x3  
  47  7:36  Planetary Fortress  
  50  7:50  Marine  
  50  7:51  Marine x2  
  47  8:08  Marine  
  47  8:09  Marine x2  
  47  8:26  Marine x3  
  46  8:27  SCV  
  49  8:39  SCV  
  50  8:44  Marine x2  
  50  8:45  Marauder  
  54  8:51  SCV  
  52  9:02  Marine  
  53  9:03  Concussive Shells, SCV  
  53  9:06  Marauder  
  56  9:10  Barracks  
  56  9:11  Barracks  
  56  9:14  Medivac  
  56  9:15  SCV  
  59  9:21  Missile Turret  
  59  9:28  Marauder  
  58  9:49  Marauder  
  53  9:56  Marine  
  53  9:57  Marine  
  50  10:08  SCV  
  50  10:10  Marauder  
  53  10:14  Marine  
  53  10:15  Marine  
  55  10:27  Marine  
Show
View Real Time Build Order
Export as new Build Order

Tenonee Zerg 

Build Orders: Hatch First 

Get SALT Encoding   

  12  0:01  Drone  
  13  0:14  Overlord  
  13  0:22  Drone  
  14  0:32  Drone x2  
  16  0:37  Drone  
  17  0:47  Drone  
  18  0:56  Hatchery  
  17  1:01  Drone  
  18  1:04  Extractor  
  17  1:12  Drone  
  18  1:21  Spawning Pool  
  17  1:31  Drone x2  
  19  1:44  Overlord  
  19  1:55  Drone  
  20  2:07  Metabolic Boost  
  20  2:11  Queen x2  
  24  2:22  Drone x4  
  28  2:35  Zergling x6  
  31  2:58  Lair  
  31  3:01  Drone x4  
  31  3:02  Roach Warren  
  31  3:03  Drone  
  35  3:28  Overlord x2  
  35  3:40  Overlord  
  35  3:41  Drone  
  36  3:55  Drone x3  
  38  3:56  Drone x3  
  42  4:03  Glial Reconstitution  
  42  4:07  Extractor, Drone x4  
  42  4:08  Drone x2  
  47  4:30  Hatchery  
  46  4:41  Roach x4  
  46  4:42  Roach x2  
  46  4:45  Overlord x3  
  52  5:05  Roach x4  
  56  5:07  Drone x3  
  58  5:17  Roach x2  
  58  5:21  Hatchery  
  61  5:24  Drone x2  
  63  5:40  Roach x5  
  70  5:59  Roach x2  
  70  6:00  Roach x2  
  76  6:23  Queen x2  
  76  6:24  Overseer  
  60  6:40  Roach x3  
  60  6:43  Drone x4  
  60  6:52  Roach  
  41  7:02  Drone  
  41  7:03  Drone  
  37  7:21  Drone x5  
  35  7:42  Spore Crawler  
  35  7:44  Overseer  
  29  7:47  Drone x2  
  29  8:04  Drone x4  
  33  8:18  Ravager x2  
  35  8:30  Queen  
  35  8:32  Queen  
  39  8:40  Drone x5  
  44  8:49  Spore Crawler  
  44  8:52  Drone  
  44  8:56  Drone x2  
  44  8:57  Spore Crawler  
  45  9:06  Drone  
  45  9:07  Drone x2  
  48  9:14  Drone x2  
  50  9:28  Drone x4  
  50  9:29  Drone x2  
  56  9:35  Hydralisk Den  
  55  9:42  Spore Crawler  
  55  9:43  Drone x4  
  53  10:24  Extractor  
  53  10:25  Hydralisk  
  53  10:26  Hydralisk  
  50  10:36  Extractor x2  
  50  10:39  Hydralisk  
  50  10:40  Roach  
  50  10:41  Roach  
Tags
 
Add a new tag
Caveats
  • Supply blocks, unpowered buildings, or Contaminate may cause inaccurate times.
  • Supply counts are checked every 10 seconds.